 Dungeon Crawl Stone Soup version 0.29.0-4-gdea44cf6ec (webtiles) character file.

Game seed: 17622793611937114928

2 qw the Firebug (level 1, -1/14 HPs)
             Began as a Ghoul Fire Elementalist on Aug 30, 2022.
             Slain by a goblin
             ... wielding a +0 club
              (2 damage)
             ... on level 1 of the Dungeon.
             The game lasted 00:00:05 (54 turns).

qw the Firebug (Ghoul Fire Elementalist)              Turns: 54, Time: 00:00:05

Health: -1/14      AC:  2    Str: 11    XL:     1   Next: 40%
Magic:  2/2        EV: 12    Int: 10    God:
Gold:   12         SH:  0    Dex:  9    Spells: 2/3 levels left

rFire   . . .      SeeInvis .   (no weapon)
rCold   + . .      Faith    .   (no shield)
rNeg    + + +      Spirit   .   a - +0 robe
rPois   inf        Reflect  .   (no helmet)
rElec   .          Harm     .   (no cloak)
rCorr   .          Rampage  .   (no gloves)
Will    .....                   (no boots)
Stlth   ++........              (no amulet)
HPRegen 0.00/turn               (no ring)
MPRegen 0.08/turn               (no ring)

@: inhibited regen
A: claws 1, cold resistance 1, negative energy resistance 3, inhibited
regeneration, torment resistance 2, devour on kill
a: no special abilities


You were on level 1 of the Dungeon.
You visited 1 branch of the dungeon, and saw 1 of its levels.

You collected 12 gold pieces.


Innate Abilities, Weirdness & Mutations

You are immune to poison.
You have sharp fingernails.
Your flesh is cold resistant. (rC+)
You are immune to negative energy. (rN+++)
You do not regenerate when monsters are visible.
You are immune to unholy pain and torment.
You thrive by killing the living.


   Skills:
 - Level 1.7 Dodging
 - Level 2.1 Stealth
 + Level 0.9 Unarmed Combat
 - Level 1.7 Spellcasting
 - Level 0.7 Conjurations
 - Level 2.4 Fire Magic


You had 2 spell levels left.
You knew the following spells:

 Your Spells              Type           Power      Damage    Failure   Level
a - Foxfire               Conj/Fire      16%        2x1d4     17%         1

Your spell library contained the following spells:

 Spells                   Type           Power      Damage    Failure   Level
 Scorch                   Fire           10%        2d5       19%         2
 Conjure Flame            Conj/Fire      4%         6-21      45%         3
 Inner Flame              Hex/Fire       3%         N/A       52%         3
 Flame Wave               Conj/Fire      4%         2d5       86%         4

Inventory:

Armour
 a - a +0 robe (worn)
Potions
 b - a potion of magic

Dungeon Overview and Level Annotations

Branches:
Dungeon (1/15)

Altars:


Message History

You scratch the hobgoblin.
The hobgoblin is heavily wounded.
The kobold shouts!
The hobgoblin closely misses you.
You scratch the hobgoblin but do no damage.
The hobgoblin is heavily wounded.
The hobgoblin hits you.
You closely miss the hobgoblin.
The hobgoblin is heavily wounded.
The hobgoblin closely misses you.
You scratch the hobgoblin.
You kill the hobgoblin!
You feel better.
You closely miss the goblin. The goblin hits you with a +0 club.
You closely miss the goblin.
A goblin comes into view. It is wielding a +0 club.
The goblin hits you with a +0 club.
You barely miss the goblin. The goblin closely misses you.
You barely miss the goblin. The goblin barely misses you.
You barely miss the goblin. The goblin hits you but does no damage.
You completely miss the goblin. The goblin barely misses you.
You barely miss the goblin. The goblin hits you but does no damage.
You scratch the goblin.
The goblin is heavily wounded.
You scratch the goblin but do no damage.
The goblin is heavily wounded.
The goblin closely misses you.
You scratch the goblin.
You kill the goblin!
You barely miss the goblin. The goblin closely misses you.
You barely miss the goblin. The goblin hits you with a +0 club.
You die...

....... ......# ...(..#
......# #################
......# #Q#T#h#K#p#9#N#Q#
.....=#
##################.......
................@gr#
##################.#
#p#M#x#H#f#m#Q#K# .#
################# .# .#
.. #. .


You could see a tengu, a goblin, a kobold and a rat.

Vanquished Creatures
  A goblin (D:1)
  A hobgoblin (D:1)
2 creatures vanquished.

Notes
Turn   | Place    | Note
-------+----------+-------------------------------------------
     0 | D:1      | qw the Ghoul Fire Elementalist began the quest for the Orb.
     0 | D:1      | Reached XP level 1. HP: 14/14 MP: 2/2
     0 | D:1      | 0 ||| qw: Version: 0.1-a-90-g952f4b7
     0 | D:1      | 0 ||| qw: Game counter: 4303
     0 | D:1      | 0 ||| qw: Always use a shield: true
     0 | D:1      | 0 ||| qw: God list: Okawaru
     0 | D:1      | 0 ||| qw: Allow faded altars: false
     0 | D:1      | 0 ||| qw: Do Orc after D:15 true
     0 | D:1      | 0 ||| qw: Do second Lair branch before Depths: true
     0 | D:1      | 0 ||| qw: Lair rune preference: random
     0 | D:1      | 0 ||| qw: Plans: Normal
     0 | D:1      | 0 ||| PLANNING D:1-11
     2 | D:1      | Noticed a vampire
     2 | D:1      | Noticed a demonspawn
     4 | D:1      | Noticed a formicid
     4 | D:1      | Noticed an elf
     6 | D:1      | Noticed a spriggan
     6 | D:1      | Noticed a human
     8 | D:1      | Noticed an ogre
     8 | D:1      | Noticed a ghoul
    10 | D:1      | Noticed a draconian
    10 | D:1      | Noticed a palentonga
    13 | D:1      | Noticed a tengu
    13 | D:1      | Noticed a demigod
    15 | D:1      | Noticed a troll
    17 | D:1      | Noticed a felid
    17 | D:1      | Noticed an octopode
    19 | D:1      | Noticed a minotaur
    21 | D:1      | Noticed a meteoran
    21 | D:1      | Noticed a vine stalker
    23 | D:1      | Noticed a gargoyle
    23 | D:1      | Noticed a merfolk
    25 | D:1      | Noticed a naga
    25 | D:1      | Noticed a tengu
    27 | D:1      | Noticed a tengu
    33 | D:1      | 33 ||| Stepping ~*~*~tactically~*~*~ (stealth).
    37 | D:1      | 37 ||| Stepping ~*~*~tactically~*~*~ (stealth).
    44 | D:1      | HP: 1/14 [goblin/+0 club (3)]
    54 | D:1      | Slain by a goblin

Levels and vault maps discovered:
D:1:      kb_arrival_jail, layout_rooms, basic_ecumenical_altar, minmay_tripent

Action                   || total
-------------------------++-------
Melee: Unarmed           ||    17
Armor: Robe              ||     2
Dodge: Dodged            ||     7

Table legend:
 A = Non-vault XP
 B = Vault XP
 C = Vault XP percentage of total XP
 D = Non-vault monster count
 E = Vault monster count
 F = Vault count percentage of total count
                 A         B        C        D         E       F
            +---------+---------+-------+---------+---------+-------
      Total |       4 |       0 |   0.0 |       2 |       0 |   0.0
            +---------+---------+-------+---------+---------+-------
        D:1 |       4 |       0 |   0.0 |       2 |       0 |   0.0
            +---------+---------+-------+---------+---------+-------
